 Dungeon Crawl Stone Soup version 0.25-a0-404-gc1b5a34292 (webtiles) character file.

Game seed: 9742446871758949354, levelgen mode: deterministic

102 MordorOrchid the Chiller (level 4, -1/32 HPs)
             Began as a Barachi Ice Elementalist on Jan 11, 2020.
             Slain by Natasha (10 damage)
             ... on level 2 of the Dungeon.
             The game lasted 00:05:42 (1669 turns).

MordorOrchid the Chiller (Barachi Ice Elementalist) Turns: 1669, Time: 00:05:42

Health: -1/32      AC:  3    Str: 10    XL:     4   Next: 78%
Magic:  1/8        EV: 13    Int: 16    God:
Gold:   38         SH:  0    Dex: 12    Spells: 5/9 levels left

rFire    . . .     SeeInvis .   d - -2 hunting sling (curse)
rCold    . . .     Gourm    .   (no shield)
rNeg     . . .     Faith    .   a - +1 robe
rPois    .         Spirit   .   (no helmet)
rElec    .         Reflect  .   (no cloak)
rCorr    .         Harm     .   (no gloves)
MR       .....                  (no boots)
Stlth    +++.......             (no amulet)
HPRegen  0.10/turn              h - ring of stealth
MPRegen  0.11/turn              (no ring)

@: slow
A: +LOS, swims, slowness 1, strong legs 1
a: Hop


You were on level 2 of the Dungeon.
You were not hungry.

You visited 1 branch of the dungeon, and saw 2 of its levels.

You collected 38 gold pieces.

Inventory:

Hand Weapons
 d - a cursed -2 hunting sling (weapon)
 f - a +0 hunting sling
 g - a +0 dagger
Missiles
 b - 49 arrows
 e - 67 stones
 l - 6 poisoned darts (quivered)
Armour
 a - a +1 robe (worn)
Jewellery
 h - a ring of stealth (left hand)
Scrolls
 k - a scroll of enchant weapon
Potions
 i - a potion of brilliance
 m - a potion of haste {unknown}
Comestibles
 c - 5 rations
 n - 5 chunks of flesh


   Skills:
 * Level 1.4 Fighting
 * Level 2.7 Dodging
 - Level 2.0 Stealth
 * Level 3.3 Spellcasting
 * Level 0.9 Charms
 + Level 5.7 Ice Magic


You had 5 spell levels left.
You knew the following spells:

 Your Spells              Type           Power        Failure   Level  Hunger
a - Freeze                Ice            ###.         1%          1    None
y - Ozocubu's Armour      Chrm/Ice       ##......     14%         3    ###....

Your spell library contained the following spells:

 Spells                   Type           Power        Failure   Level  Hunger
 Hailstorm                Conj/Ice       ##......     50%         4    ####...
 Summon Ice Beast         Ice/Summ       ##......     50%         4    ####...


Dungeon Overview and Level Annotations

Branches:
Dungeon (2/15)

Altars:
Ru

Annotations:
D:2 Natasha, Sigmund


Innate Abilities, Weirdness & Mutations

You can be seen from farther away. (+LOS)
You can swim through water.
You cover ground slowly.
You can hop short distances.


Message History

Sigmund hits you with a +2 scythe of protection!
Casting: Freeze (safe; 1% risk of failure)
Confirm with . or Enter, or press ? or * to list all spells.
Aiming: Freeze (safe; 1% risk of failure)
Press: ? - help, Shift-Dir - straight line, f/p - Sigmund
Aim: Sigmund, wielding a +2 scythe of protection and wearing a +0 robe (moderately wounded)
You freeze Sigmund.
Sigmund is heavily wounded.
Sigmund gestures at you while chanting. The magic dart hits you!
* * * LOW HITPOINT WARNING * * *
Casting: Freeze (safe; 1% risk of failure)
Confirm with . or Enter, or press ? or * to list all spells.
Aiming: Freeze (safe; 1% risk of failure)
Press: ? - help, Shift-Dir - straight line, f/p - Sigmund
Aim: Sigmund, wielding a +2 scythe of protection and wearing a +0 robe (heavily wounded)
You freeze Sigmund!
Sigmund is severely wounded.
Natasha claws you!
You die...

#....@......... ≈.
#.#.#.......... ≈≈≈≈
####.#...###..... ≈w≈≈
....[.........#.# ≈≈≈≈≈
.........##.....####.≈≈≈.
.........##.##....$.#....
.........................
#........##.#..h....##...
#......5h.....##@........
#........##.####.@..#....
.........##.# ##.#### .
#.>......##.###..#
#........##.##..##
##########..##.## #
#........# # #........#
#........#


You could see Sigmund, Natasha and a dart slug (sleeping).

Vanquished Creatures
  Natasha (D:2)
  4 adders
  2 dart slugs
  2 leopard geckos (D:1)
  2 giant cockroaches (D:1)
  4 goblins
  3 hobgoblins
  8 jackals
  A ball python (D:2)
  A bat (D:1)
  2 frilled lizards
  4 kobolds (D:1)
  A rat (D:1)
35 creatures vanquished.

Notes
Turn   | Place    | Note
-------+----------+-------------------------------------------
     0 | D:1      | MordorOrchid the Barachi Ice Elementalist began the quest
                  | for the Orb.
     0 | D:1      | Reached XP level 1. HP: 13/13 MP: 3/3
   124 | D:1      | Reached skill level 5 in Ice Magic
   170 | D:1      | Reached XP level 2. HP: 19/20 MP: 1/5
   272 | D:1      | You fall into a shaft and drop 1 floor!
   274 | D:2      | Found a sacrificial altar of Ru.
   614 | D:1      | Reached XP level 3. HP: 19/25 MP: 6/6
   619 | D:1      | Learned a level 3 spell: Ozocubu's Armour
   922 | D:1      | Reached skill level 1 in Fighting
  1320 | D:2      | Reached XP level 4. HP: 31/32 MP: 5/8
  1337 | D:2      | Noticed Sigmund
  1602 | D:2      | Noticed Natasha
  1614 | D:2      | Killed Natasha
  1660 | D:2      | Noticed Natasha
  1669 | D:2      | Slain by Natasha

Levels and vault maps discovered:
D:1:      moated_graveyard_arrival, layout_basic
D:2:      layout_rooms, nicolae_overflow_crystal_walls,
          overflow_temple_1_default, serial_corexii_hall,
          chequers_hall_statues_y, corexii_hall_statues_x, first_ration,
          kennysheep_slug_shrine, uniq_natasha, uniq_sigmund, uniq_jessica

Skill      XL: |  1  2  3  4 |
---------------+-------------+-----
Ice Magic      | 5 |  5.7
Stealth        | 2 |  2.0
Fighting       | 1 |  1.4
Spellcasting   | 3 |  3.3
Dodging        | |  2.7
Charms         | |  0.9

Action                   |  1- 3 |  4- 6 || total
-------------------------+-------+-------++-------
 Fire: Hunting sling     |    47 |     4 ||    51
Throw: Dart              |    19 |    22 ||    41
 Cast: Freeze            |    27 |    15 ||    42
       Ozocubu's Armour  |       |     1 ||     1
  Use: Scroll            |     3 |     2 ||     5
       Potion            |       |     2 ||     2
  Eat: Chunk             |     2 |     1 ||     3
Armor: Robe              |     3 |     3 ||     6
Dodge: Dodged            |    17 |     9 ||    26

Table legend:
 A = Non-vault XP
 B = Vault XP
 C = Vault XP percentage of total XP
 D = Non-vault monster count
 E = Vault monster count
 F = Vault count percentage of total count
                 A         B        C        D         E       F
            +---------+---------+-------+---------+---------+-------
      Total |     112 |      35 |  23.8 |      34 |       1 |   2.9
            +---------+---------+-------+---------+---------+-------
        D:1 |      51 |       0 |   0.0 |      20 |       0 |   0.0
        D:2 |      61 |      35 |  36.5 |      14 |       1 |   6.7
            +---------+---------+-------+---------+---------+-------
